 Dungeon Crawl Stone Soup version 0.30.1-4-g462c640d31 (webtiles) character file.

Game seed: 509273172468879337

1803 Wiggles the Cleaver (level 8, 0/71 HPs)
             Began as a Minotaur Berserker on Aug 13, 2023.
             Was an Elder of Trog.
             Slain by a gnoll sergeant
             ... wielding a +1 spear of venom
              (8 damage)
             ... on level 7 of the Dungeon.
             The game lasted 00:09:28 (5353 turns).

Wiggles the Cleaver (Minotaur Berserker)            Turns: 5353, Time: 00:09:29

Health: 0/71       AC: 13    Str: 24    XL:     8   Next: 83%
Magic:  7/7        EV: 22    Int:  4    God:    Trog [****..]
Gold:   327        SH:  3    Dex: 10    Spells: 7/7 levels left

rFire   . . .        w - +3 hand axe
rCold   . . .        B - +0 buckler
rNeg    . . .        D - +0 plate armour
rPois   .            (helmet restricted)
rElec   .            (no cloak)
rCorr   .            (no gloves)
SInv    .            (no boots)
Will    .....        a - amulet of the acrobat Stlth
                     (no ring)
HPRegen 0.31/turn    (no ring)
MPRegen 0.10/turn

%: acrobat
@: lethally poisoned (0 -> -7), on berserk cooldown, acrobatic, slowed, very
slow
A: horns 2, retaliatory headbutt
a: Renounce Religion, Berserk, Trog's Hand, Brothers in Arms


You were on level 7 of the Dungeon.
You worshipped Trog.
Trog was greatly pleased with you.
You visited 1 branch of the dungeon, and saw 7 of its levels.
You also visited: Sewer.

You collected 327 gold pieces.

Inventory:

Hand Weapons
 w - a +3 hand axe (weapon)
Armour
 B - a +0 buckler (worn)
 D - a +0 plate armour (worn)
Jewellery
 a - an amulet of the acrobat (around neck)
 n - a ring of magical power
 o - an amulet of faith
Wands
 A - a wand of paralysis (9)
 C - a wand of roots (5)
Scrolls
 b - a scroll of blinking {unknown}
 c - 11 scrolls of identify {unknown}
 d - 2 scrolls of magic mapping {unknown}
 e - a scroll of enchant armour {unknown}
 h - 2 scrolls of poison {unknown}
 m - 5 scrolls of teleportation {unknown}
 r - 4 scrolls of immolation {unknown}
 s - 2 scrolls of noise {unknown}
 u - 3 scrolls of fear {unknown}
 x - a scroll of silence {unknown}
 y - 3 scrolls of vulnerability {unknown}
 z - a scroll of enchant weapon {unknown}
 E - a scroll of fog {unknown}
Potions
 f - a potion of magic {unknown}
 g - a potion of attraction {unknown}
 i - 2 potions of flight {unknown}
 j - a potion of haste {unknown}
 k - a potion of cancellation {unknown}
 l - 3 potions of curing {unknown}
 p - a potion of might {unknown}
 q - a potion of experience {unknown}
 t - 2 potions of mutation {unknown}
 v - a potion of invisibility {unknown}


   Skills:
 + Level 6.6 Fighting
 + Level 9.9 Axes
 + Level 8.0 Armour
 + Level 3.3 Dodging
 + Level 1.1 Stealth
 + Level 0.5 Shields


You had 7 spell levels left.
You didn't know any spells.
Your spell library was empty.

Dungeon Overview and Level Annotations

Branches:
Dungeon (7/15)             Temple (0/1) D:5           Sewer (visited)

Altars:
Ashenzari
Cheibriados
Gozag
Sif Muna
Vehumet
Yredelemnul
The Shining One


Innate Abilities, Weirdness & Mutations

You have a pair of horns on your head.
You reflexively headbutt those who attack you in melee.


Message History

The gnoll is heavily wounded.
You closely miss the gnoll.
You feel sick.
You barely miss the gnoll.
The gnoll is heavily wounded.
You slash the gnoll!
You kill the gnoll!
Trog accepts your kill.
You feel sick. The gnoll hits you but does no damage.
The gnoll sergeant hits you from afar with a +1 spear of venom!
You are more poisoned.
You barely miss the gnoll.
The gnoll is heavily wounded.
You feel very sick. The gnoll hits you with a +0 halberd.
The gnoll sergeant hits you from afar with a +1 spear of venom.
You are more poisoned.
You slash the gnoll!
You kill the gnoll!
Trog accepts your kill.
You feel very sick.
You are no longer berserk.
You are exhausted.
You feel yourself slow down.
You feel very sick.
You see here a +0 halberd.
* * * LOW HITPOINT WARNING * * *
You feel extremely sick. The gnoll sergeant barely misses you.
You furiously retaliate!
You headbutt the gnoll sergeant.
* * * LOW HITPOINT WARNING * * *
You feel very sick.
The gnoll sergeant completely misses you.
The gnoll sergeant closely misses you. You furiously retaliate!
You headbutt the gnoll sergeant.
Things that are here:
a +0 spear; a scroll labelled SITWIT UFEGHA; a gnoll corpse
* * * LOW HITPOINT WARNING * * *
You feel very sick.
The gnoll sergeant hits you with a +1 spear of venom!
You die...

......###..# #...
...........##....
................
...............
##.............
..##..............
.........)........
.......).)@.......
........)g......##
......###..#...##
...... #.<.##..#
.........#....##
..........#...>..
.).....#.. ......
.........# ..##..
..#. .. ### #


You could see a gnoll sergeant.

Vanquished Creatures
  Edmund (D:5)
  A water moccasin (D:5)
  A black bear (D:4)
  An ogre (D:4)
  A phantom (D:6)
  5 scorpions
  A howler monkey (D:6)
  2 bullfrog zombies (D:6)
  A centaur zombie (D:6)
  3 hounds
  2 jellies
  An orc priest (D:6)
  Ijyb (D:5)
  4 iguanas
  4 orc wizards
  3 killer bee zombies (D:6)
  A howler monkey zombie (D:6)
  14 adders
  8 gnolls
  7 river rats (Sewer)
  A white imp (D:6)
  An ufetubus (D:4)
  5 worms
  3 dart slugs
  24 orcs
  3 endoplasms
  5 giant cockroaches
  2 goblins
  8 hobgoblins
  5 jackals (D:3)
  2 quokkas
  10 ball pythons
  5 bats
  11 frilled lizards
  6 kobolds
  16 rats
169 creatures vanquished.

Notes
Turn   | Place    | Note
-------+----------+-------------------------------------------
     0 | D:1      | Wiggles the Minotaur Berserker began the quest for the Orb.
     0 | D:1      | Reached XP level 1. HP: 19/19 MP: 0/0
   365 | D:1      | Reached XP level 2. HP: 27/27 MP: 1/1
   487 | D:1      | Reached skill level 4 in Axes
   755 | D:2      | Reached XP level 3. HP: 19/33 MP: 2/2
  1048 | D:2      | Reached ** piety under Trog
  1307 | D:2      | Found a radiant altar of Vehumet.
  1505 | D:3      | Reached XP level 4. HP: 35/41 MP: 3/3
  1556 | D:3      | Found a faded altar of an unknown god.
  1751 | D:3      | Reached skill level 5 in Axes
  1975 | D:3      | Found a glowing drain.
  1998 | Sewer    | Entered a sewer
  2078 | Sewer    | Reached XP level 5. HP: 41/47 MP: 4/4
  2117 | Sewer    | Reached *** piety under Trog
  2142 | Sewer    | Reached skill level 5 in Fighting
  2518 | D:3      | Identified the +5 hand axe of the Thirsty Beds {heavy,
                  | Dex+5}
  2675 | D:4      | Reached skill level 6 in Axes
  2675 | D:4      | Reached XP level 6. HP: 38/56 MP: 5/5
  2979 | D:4      | Found a shimmering blue altar of Sif Muna.
  3047 | D:4      | Reached skill level 7 in Axes
  3047 | D:4      | Reached XP level 7. HP: 61/61 MP: 6/6
  3089 | D:4      | Reached skill level 5 in Armour
  3124 | D:4      | Found an opulent altar of Gozag.
  3651 | D:5      | Entered Level 5 of the Dungeon
  3651 | D:5      | Noticed Edmund
  3662 | D:5      | Killed Edmund
  3669 | D:5      | Reached skill level 8 in Axes
  3895 | D:5      | Reached **** piety under Trog
  4086 | D:5      | Noticed Ijyb
  4097 | D:5      | Killed Ijyb
  4098 | D:5      | Reached XP level 8. HP: 70/70 MP: 7/7
  4159 | D:5      | Found a snail-covered altar of Cheibriados.
  4289 | D:5      | Found a staircase to the Ecumenical Temple.
  4572 | D:6      | Reached skill level 9 in Axes
  4691 | D:6      | Found a basalt altar of Yredelemnul.
  4897 | D:6      | Found a broken altar of Ashenzari.
  4995 | D:6      | Found a glowing golden altar of the Shining One.
  5018 | D:6      | Reached skill level 1 in Stealth
  5353 | D:7      | Slain by a gnoll sergeant

Illustrated notes

Levels and vault maps discovered:
D:1:      dpeg_arrival_pits, layout_basic, serial_bayou_crossing
D:2:      layout_basic, basic_altar, minmay_misc_feat_columns
D:3:      layout_rooms, ebering_ecumenical_altar_webs,
          cheibrodos_sewer_entry_bend, grunt_decor_mini_mirrors, minivault_26,
          minmay_cut_off
D:4:      layout_basic, nicolae_sif_muna_condensation,
          mainiacjoe_overflow_six_doors_small, serial_glass, glass_columns_b,
          glass_columns_b, glass_columns_a, glass_columns_a, glass_columns_a,
          glass_columns_b, glass_columns_a, glass_columns_a, glass_columns_a,
          glass_columns_b, glass_columns_b, glass_columns_b, glass_columns_a,
          glass_columns_a
D:5:      layout_rooms, cheibriados_altar_1, minmay_temple_entry_antechambers,
          uniq_edmund, uniq_ijyb
D:6:      layout_loops_cross, evilmike_ruin_ashenzari,
          nicolae_yredelemnul_corpse_copse, mainiacjoe_overflow_alcove_1
D:7:      layout_cave_pools, mainiacjoe_overflow_alcove_2,
          nzn_wu_jian_council_hall, nicolae_overflow_hidden_temple,
          lemuel_tele_altar

Skill      XL: |  1  2  3  4  5  6  7  8 |
---------------+-------------------------+-----
Axes           | 4 5 6 7 8 9 |  9.9
Fighting       | 4 5 6 |  6.6
Armour         | 3 4 6 8 |  8.0
Dodging        | 3 |  3.3
Stealth        | 1 |  1.1
Shields        | |  0.5

Action                     |  1- 3 |  4- 6 |  7- 9 || total
---------------------------+-------+-------+-------++-------
  Melee: Hand axe          |   102 |   143 |   167 ||   412
         Headbutt          |    13 |    17 |    29 ||    59
         Punch             |     1 |       |       ||     1
 Invoke: Berserk           |     1 |     2 |     3 ||     6
 Armour: Animal skin       |     7 |       |       ||     7
         Ring mail         |    19 |     1 |       ||    20
         Chain mail        |       |    77 |    17 ||    94
         Plate armour      |       |       |    62 ||    62
  Dodge: Dodged            |    74 |   102 |    73 ||   249
  Block: Buckler           |       |       |     8 ||     8
